 Dungeon Crawl Stone Soup version 0.31-a0-216-g22e908daa7 (webtiles) character file.

Game seed: 11691933224400367761

58 qw the Shooter (level 3, -2/29 HPs)
             Began as a Minotaur Hexslinger on July 2, 2023.
             Slain by Terence
             ... wielding a +0 flail
              (8 damage)
             ... on level 2 of the Dungeon.
             The game lasted 00:00:30 (1133 turns).

qw the Shooter (Minotaur Hexslinger)                Turns: 1133, Time: 00:00:31

Health: -2/29      AC:  2    Str: 12    XL:     3   Next: 76%
Magic:  3/3        EV: 12    Int: 10    God:
Gold:   32         SH:  0    Dex: 14    Spells: 3/4 levels left

rFire   . . .        Y - +1 sling
rCold   . . .        (no shield)
rNeg    . . .        c - +0 robe
rPois   .            (helmet restricted)
rElec   .            (no cloak)
rCorr   .            (no gloves)
SInv    +            (no boots)
Will    .....        (no amulet)
Stlth   +            e - ring of see invisible
HPRegen 0.24/turn    (no ring)
MPRegen 0.08/turn

%: no passive effects
@: about to teleport
A: horns 2, retaliatory headbutt
a: no special abilities


You were on level 2 of the Dungeon.
You visited 1 branch of the dungeon, and saw 2 of its levels.

You collected 68 gold pieces.
You spent 36 gold pieces at shops.


Innate Abilities, Weirdness & Mutations

You have a pair of horns on your head.
You reflexively headbutt those who attack you in melee.


   Skills:
 - Level 2.0 Fighting
 + Level 4.3 Ranged Weapons
 - Level 2.1 Dodging
 - Level 1.0 Spellcasting
 - Level 2.0 Hexes


You had 3 spell levels left.
You knew the following spells:

 Your Spells              Type           Power      Damage    Failure   Level
a - Slow                  Hex            16%        N/A       16%         1

Your spell library contained the following spells:

 Spells                   Type           Power      Damage    Failure   Level
 Inner Flame              Hex/Fire       2%         N/A       56%         3
 Portal Projectile        Hex/Tloc       4%         N/A       56%         3
 Cause Fear               Hex            2%         N/A       83%         4

Inventory:

Hand Weapons
 Y - a +1 sling (weapon)
Armour
 c - a +0 robe (worn)
 h - a +0 pair of boots
Jewellery
 e - a ring of see invisible (left hand)
Scrolls
 a - a scroll of acquirement {unknown}
 f - a scroll of blinking {unknown}
Potions
 d - 2 potions of curing
 g - 2 potions of might {unknown}

Dungeon Overview and Level Annotations

Branches:
Dungeon (2/15)

Altars:

Shops:
D:1 :=!(?

Annotations:
D:2 Terence


Message History

Terence the Incautious comes into view.
He is wielding a +0 flail.
Found a scale mail.
Terence shouts!
An endoplasm comes into view.
Enter note:
Enter note:
Enter note:
Enter note:
Enter note:
Enter note: You shoot a sling bullet.
The sling bullet hits Terence.
Terence is lightly wounded.
Terence says, "You're history."
You shoot a sling bullet. The sling bullet barely misses Terence.
You shoot a sling bullet. The sling bullet barely misses Terence.
The sling bullet hits the endoplasm.
The endoplasm is severely wounded.
Terence hits you with a +0 flail!
You shoot a sling bullet. The sling bullet barely misses Terence.
The sling bullet hits the endoplasm.
You kill the endoplasm!
Terence closely misses you.
You shoot a sling bullet.
The sling bullet closely misses Terence.
Terence closely misses you.
You shoot a sling bullet.
The sling bullet hits Terence but does no damage.
Terence is lightly wounded.
Terence closely misses you. Terence hits you with a +0 flail.
You shoot a sling bullet. The sling bullet hits Terence.
Terence is moderately wounded.
Terence hits you with a +0 flail!
1132 ||| READING scroll of teleportation.
As you read the scroll of teleportation, it crumbles to dust.
You feel strangely unstable. Terence closely misses you.
You shoot a sling bullet.
The sling bullet closely misses Terence.
Terence hits you with a +0 flail!
You die...

#########
#@......#
#@##.#..#
#..####.#
##.# #.)#
.. ##.#
... #.#
.#[ #.#
#####.#
#.#


You could see Terence.

Vanquished Creatures
  An adder (D:2)
  A gnoll (D:1)
  2 dart slugs (D:1)
  6 endoplasms
  5 goblins
  2 hobgoblins (D:1)
  4 quokkas (D:1)
  3 ball pythons
  3 bats
  A frilled lizard (D:1)
  3 kobolds (D:1)
  3 rats
34 creatures vanquished.

Notes
Turn   | Place    | Note
-------+----------+-------------------------------------------
     0 | D:1      | qw the Minotaur Hexslinger began the quest for the Orb.
     0 | D:1      | Reached XP level 1. HP: 16/16 MP: 1/1
     0 | D:1      | 0 ||| qw: Version: 0.3-a-35-g05ef00e
     0 | D:1      | 0 ||| qw: Game counter: 7814
     0 | D:1      | 0 ||| qw: Melee chars always use a shield: true
     0 | D:1      | 0 ||| qw: God list: Okawaru
     0 | D:1      | 0 ||| qw: Allow faded altars: false
     0 | D:1      | 0 ||| qw: Do Orc after clearing Dungeon:15 true
     0 | D:1      | 0 ||| qw: Do second Lair branch before Depths: true
     0 | D:1      | 0 ||| qw: Lair rune preference: random
     0 | D:1      | 0 ||| qw: Goals: Normal
     0 | D:1      | 0 ||| PLANNING D:1-11
    53 | D:1      | Found Gaeso's Jewellery Shoppe.
    63 | D:1      | 63 ||| SHOPLISTING +4 ring of protection (360 gold, have
                  | 0).
    63 | D:1      | 63 ||| SHOPLISTING +5 ring of evasion (360 gold, have 0).
    63 | D:1      | 63 ||| SHOPLISTING +6 ring of dexterity (360 gold, have 0).
    63 | D:1      | 63 ||| SHOPLISTING amulet of regeneration (300 gold, have
                  | 0).
    63 | D:1      | 63 ||| SHOPLISTING ring "Ypano" {rF+ rC- MP+9 Str+3 Dex+3}
                  | (396 gold, have 0).
    63 | D:1      | 63 ||| SHOPLISTING ring of poison resistance (200 gold,
                  | have 0).
    63 | D:1      | 63 ||| SHOPLISTING ring of positive energy (200 gold, have
                  | 0).
   103 | D:1      | Found Bumerogez's Distillery.
   113 | D:1      | 113 ||| SHOPLISTING potion of curing (36 gold, have 0).
   113 | D:1      | 113 ||| SHOPLISTING potion of enlightenment (60 gold, have
                  | 0).
   113 | D:1      | 113 ||| SHOPLISTING potion of heal wounds (60 gold, have
                  | 0).
   126 | D:1      | Reached skill level 3 in Ranged Weapons
   126 | D:1      | Reached XP level 2. HP: 23/23 MP: 2/2
   385 | D:1      | Found Lyrooc's Magic Scroll Shop.
   388 | D:1      | 388 ||| SHOPLISTING scroll of identify (26 gold, have 0).
   388 | D:1      | 388 ||| SHOPLISTING scroll of teleportation (39 gold, have
                  | 0).
   567 | D:1      | Found Peice's Weapon Shoppe.
   710 | D:1      | Reached XP level 3. HP: 18/29 MP: 3/3
   853 | D:1      | Found Naz Jare's Book Shoppe.
   859 | D:1      | 859 ||| UPGRADING to ring of see invisible.
   860 | D:1      | 860 ||| READING scroll labelled QOFOKI BENOM.
   861 | D:1      | 861 ||| READING scroll labelled SAOBEZXOIX.
   862 | D:1      | 862 ||| READING scroll labelled DUOFOI ABIL.
   863 | D:1      | 863 ||| READING scroll labelled FUABRA VO RALA.
   864 | D:1      | 864 ||| READING scroll labelled ROXKUU ETRYGG.
   867 | D:1      | 867 ||| BUYING potion of curing (36 gold).
   867 | D:1      | Bought a potion of curing for 36 gold pieces
   867 | D:1      | 867 ||| SHOPLISTING potion of curing (36 gold, have 3).
   867 | D:1      | 867 ||| DRINKING 2 fizzy white potions.
   868 | D:1      | 868 ||| DROPPING scroll of poison.
   869 | D:1      | 869 ||| DROPPING potion of invisibility.
   982 | D:2      | Reached skill level 4 in Ranged Weapons
  1124 | D:2      | Noticed Terence
  1131 | D:2      | HP: 5/29 [Terence/+0 flail (13)]
  1132 | D:2      | 1132 ||| READING scroll of teleportation.
  1133 | D:2      | Slain by Terence

Levels and vault maps discovered:
D:1:      dpeg_arrival_houses_and_road, layout_basic, serial_shops,
          nicolae_shop_rolling_square, shop, shop, nicolae_shop_rolled_up,
          nicolae_shop_stone
D:2:      minmay_wonky_spiral, layout_rooms, basic_altar,
          uniq_crazy_yiuf_cottage, uniq_terence

Skill      XL: |  1  2  3 |
---------------+----------+-----
Ranged Weapons | 3 4 |  4.3
Fighting       | 2 |  2.0
Dodging        | |  2.1
Spellcasting   | |  1.0
Hexes          | |  2.0

Action                     || total
---------------------------++-------
   Fire: Sling             ||   113
    Use: Scroll            ||     6
         Potion            ||     1
 Armour: Robe              ||     6
  Dodge: Dodged            ||    32

Table legend:
 A = Non-vault XP
 B = Vault XP
 C = Vault XP percentage of total XP
 D = Non-vault monster count
 E = Vault monster count
 F = Vault count percentage of total count
                 A         B        C        D         E       F
            +---------+---------+-------+---------+---------+-------
      Total |      80 |       4 |   4.8 |      32 |       2 |   5.9
            +---------+---------+-------+---------+---------+-------
        D:1 |      57 |       0 |   0.0 |      25 |       0 |   0.0
        D:2 |      23 |       4 |  14.8 |       7 |       2 |  22.2
            +---------+---------+-------+---------+---------+-------
